 Dungeon Crawl Stone Soup version 0.20.0-15-g7f486f2 (webtiles) character file.

16548 theElss the Fighter (level 12, -13/126 HPs)
             Began as a Gargoyle Berserker on June 23, 2017.
             Was a High Priest of Trog.
             Mangled by a freezing wraith (16 damage)
             ... in an ice cave.
             The game lasted 00:33:07 (11165 turns).

theElss the Fighter (Gargoyle Berserker)           Turns: 11165, Time: 00:33:07

Health: -13/126    AC: 26    Str: 32    XL:     12   Next: 38%
Magic:  12/12      EV: 10    Int:  9    God:    Trog [*****.]
Gold:   619        SH:  0    Dex:  9    Spells: 11/11 levels left

rFire    . . .     SeeInvis .   M - +3 broad axe "Waytuacoa" {drain, +Blink}
rCold    . . .     Gourm    .   (no shield)
rNeg     + . .     Faith    .   R - +0 plate armour
rPois    ∞         Spirit   .   (no helmet)
rElec    +         Reflect  .   T - +0 cloak
rCorr    .         Harm     .   (no gloves)
MR       .....                  (no boots)
Stlth    ..........             f - amulet of regeneration
Regen    0.8/turn               W - +2 ring of strength
MPRegen  0.2/turn               u - +4 ring of slaying

@: berserking, slowed
A: negative energy resistance 1, electricity resistance, unbreathing,
petrification resistance, rot immunity, AC +8
a: Berserk, Trog's Hand, Brothers in Arms, Burn Spellbooks, Renounce Religion,
Evoke Blink


You were in an ice cave.
You worshipped Trog.
Trog was extremely pleased with you.
You were near starving.

You visited 1 branch of the dungeon, and saw 11 of its levels.
You also visited: Sewer and Ice Cave.

You collected 619 gold pieces.

Inventory:

Hand Weapons
 a - a +0 mace
 M - the +3 broad axe "Waytuacoa" (weapon) {drain, +Blink}
   (You found it on level 6 of the Dungeon)

   A truly terrible weapon, it drains the life of those it strikes.
   It lets you blink.
Armour
 R - a +0 plate armour (worn)
 T - a +0 cloak (worn)
Jewellery
 f - an amulet of regeneration (around neck)
 u - a +4 ring of slaying (right hand)
 S - an uncursed ring of see invisible
 V - an uncursed ring of stealth
 W - a +2 ring of strength (left hand)
Wands
 p - a wand of disintegration (6/24)
 I - a wand of polymorph (18/24)
 P - a wand of random effects (13/48)
 U - a wand of flame (19/48)
 Y - a wand of flame (16/48)
Scrolls
 d - 2 scrolls of identify
 i - 5 scrolls of fog
 k - 4 scrolls of recharging
 n - 3 scrolls of magic mapping
 v - 6 scrolls of teleportation
 w - 3 scrolls of enchant armour {unknown}
 x - 7 scrolls of remove curse
 y - 3 scrolls of immolation {unknown}
 G - a scroll of blinking {unknown}
 O - a scroll of brand weapon {unknown}
 Q - 2 scrolls of fear {unknown}
Potions
 b - a potion of flight {unknown}
 h - a potion of cancellation {unknown}
 j - 4 potions of curing
 l - 4 potions of resistance
 m - a potion of invisibility {unknown}
 q - a potion of degeneration {unknown}
 s - 3 potions of berserk rage
 t - 3 potions of brilliance {unknown}
 A - a potion of haste
 F - a potion of magic {unknown}
 H - 2 potions of heal wounds {unknown}
 J - a potion of might
 K - a potion of mutation {unknown}
Books
 o - a book of Maledictions

   Spells                             Type                      Level
   a - Corona                         Hexes                        1
   b - Ensorcelled Hibernation        Hexes/Ice                    2
   c - Confuse                        Hexes                        3
   d - Tukima's Dance                 Hexes                        3
   e - Dazzling Spray                 Conjuration/Hexes            3
   Trog disapproves of the use of such an item.
 B - a book of Flames

   Spells                             Type                      Level
   a - Flame Tongue                   Conjuration/Fire             1
   b - Throw Flame                    Conjuration/Fire             2
   c - Conjure Flame                  Conjuration/Fire             3
   d - Inner Flame                    Hexes/Fire                   3
   e - Sticky Flame                   Conjuration/Fire             4
   f - Fireball                       Conjuration/Fire             5
   Trog disapproves of the use of such an item.
 C - a book of Maledictions

   Spells                             Type                      Level
   a - Corona                         Hexes                        1
   b - Ensorcelled Hibernation        Hexes/Ice                    2
   c - Confuse                        Hexes                        3
   d - Tukima's Dance                 Hexes                        3
   e - Dazzling Spray                 Conjuration/Hexes            3
   Trog disapproves of the use of such an item.
 D - a book of Conjurations

   Spells                             Type                      Level
   a - Magic Dart                     Conjuration                  1
   b - Searing Ray                    Conjuration                  2
   c - Dazzling Spray                 Conjuration/Hexes            3
   d - Fulminant Prism                Conjuration/Hexes            4
   e - Force Lance                    Conjuration/Translocation    4
   f - Iskenderun's Mystic Blast      Conjuration                  4
   Trog disapproves of the use of such an item.
Comestibles
 c - 7 bread rations
 r - 25 fruits
 z - 6 meat rations
 E - a royal jelly


   Skills:
 + Level 13.0 Fighting
 + Level 9.7 Maces & Flails
 + Level 12.6 Armour
 + Level 5.0 Dodging
 - Level 3.0 Stealth


You had 11 spell levels left.
You didn't know any spells.

Dungeon Overview and Level Annotations

Branches:
Dungeon (11/15)            Temple (0/1) D:7            Lair (0/6) D:10
    Orc: D:9-12

Altars:
Cheibriados
Elyvilon
Kikubaaqudgha
Yredelemnul

Shops:
D:6 (   D:7 }   D:10 [


Innate Abilities, Weirdness & Mutations

You are resistant to torment.
Your stone body is resilient. (AC +8)
You are immune to poison.
You resist negative energy. (rN+)
You are resistant to electric shocks. (rElec)
You can survive without breathing.
You are immune to petrification.
You are immune to rotting.


Message History

You feel yourself moving faster!
You feel mighty!
You are near starving!
The freezing wraith hits you but does no damage. x3
The freezing wraith barely misses you.
Unknown command.
You closely miss the freezing wraith.
The freezing wraith is lightly damaged.
You barely miss the freezing wraith.
The freezing wraith hits you but does no damage.
The freezing wraith barely misses you.
The freezing wraith hits you but does no damage. x3
The freezing wraith barely misses you.
You slash the freezing wraith!
The freezing wraith is moderately damaged.
You barely miss the freezing wraith.
The freezing wraith hits you but does no damage. x2
The freezing wraith hits you.
* * * LOW HITPOINT WARNING * * *
The freezing wraith freezes you!
You die...

#.......##....##.......#
##.....####..#####....##
#......# #### ##..##
##....## #### ### #...##
##.## ##..## ### #...##
#..## ##.## #....####..#
##WWY# #..#...#...#
#.@#.....# #..##.....##
##..##.....# ##.###...##
#..## W....# #..######
##..# .W... ##..## #..##
.Y... #...## ##..# ....
##...## #..## ...#
##...####.## ##...##..#


You could see 2 freezing wraiths and an ice beast.

Vanquished Creatures
  Harold (D:10)
  4 two-headed ogres
  Nergalle (D:10)
  The ghost of kelenor the Tainter, a novice DsVM of Makhleb (D:9)
  The ghost of yogakurto the Skirmisher, a novice OgFi of Nemelex Xobeh (D:7)
  A cyclops (D:11)
  An ugly thing (D:11)
  Maurice (D:8)
  4 freezing wraiths (IceCv)
  The ghost of torrenera the Carver, an amateur BaFi (D:4)
  Grinder (D:4)
  2 hippogriffs (D:9)
  A shadow (D:11)
  Eustachio (D:5)
  2 wyverns (D:11)
  10 yaks (D:10)
  3 vampire mosquitoes (D:11)
  A death yak simulacrum (IceCv)
  9 orc warriors
  4 phantoms
  7 ice beasts
  A black bear (D:8)
  3 sky beasts
  A necrophage (D:7)
  3 ogres
  4 centaurs
  4 big kobolds
  6 bullfrogs
  A wyvern zombie (D:10)
  3 scorpions
  11 killer bees
  3 wights (D:11)
  5 crimson imps
  A bullfrog zombie (D:11)
  A bullfrog skeleton (D:8)
  5 hounds
  13 orc priests
  12 orc wizards
  A jelly (D:11)
  A centaur skeleton (D:4)
  2 iguanas (D:7)
  10 worker ants
  3 wolf simulacra (IceCv)
  2 hound skeletons
  3 gnolls (D:6)
  2 river rats
  14 adders
  6 shadow imps
  5 white imps (IceCv)
  5 oozes
  2 adder zombies
  An adder skeleton (D:4)
  6 worms
  6 leopard geckos
  58 orcs
  8 giant cockroaches
  2 gnoll zombies (D:6)
  12 goblins
  10 hobgoblins
  10 jackals
  8 quokkas
  6 ball pythons
  9 bats
  9 frilled lizards
  A jackal skeleton (D:6)
  18 kobolds
  2 leopard gecko skeletons
  10 rats
366 creatures vanquished.

Notes
Turn   | Place    | Note
-------+----------+-------------------------------------------
     0 | D:1      | theElss the Gargoyle Berserker began the quest for the Orb.
     0 | D:1      | Reached XP level 1. HP: 14/14 MP: 1/1
   178 | D:1      | Reached XP level 2. HP: 11/19 MP: 2/2
   495 | D:1      | Reached skill level 4 in Fighting
   495 | D:1      | Reached XP level 3. HP: 22/24 MP: 3/3
  1141 | D:2      | Found a faded altar of an unknown god.
  1399 | D:2      | Reached ** piety under Trog
  1453 | D:2      | Reached XP level 4. HP: 22/29 MP: 4/4
  2037 | D:3      | HP: 1/29 [worm (9)]
  2541 | D:3      | Reached skill level 1 in Stealth
  2541 | D:3      | Reached XP level 5. HP: 33/33 MP: 5/5
  2999 | D:3      | Reached *** piety under Trog
  3102 | D:4      | Reached skill level 5 in Maces & Flails
  3102 | D:4      | Reached XP level 6. HP: 32/39 MP: 6/6
  3373 | D:4      | Noticed torrenera's ghost (amateur BaFi)
  3384 | D:4      | Killed torrenera's ghost
  3384 | D:4      | Reached XP level 7. HP: 44/44 MP: 7/7
  3697 | D:4      | Noticed Grinder
  3711 | D:4      | Killed Grinder
  3711 | D:4      | Reached skill level 5 in Fighting
  3817 | D:4      | Reached XP level 8. HP: 29/49 MP: 8/8
  3965 | D:5      | Entered Level 5 of the Dungeon
  4064 | D:5      | Noticed Eustachio
  4107 | D:5      | Killed Eustachio
  4236 | D:5      | Found a glowing drain.
  4276 | Sewer    | Entered a sewer
  5086 | D:6      | Reached **** piety under Trog
  5117 | D:6      | Found Vaomiwn's Weapon Shop.
  5303 | D:6      | Got a steaming broad axe
  5304 | D:6      | Identified the +3 broad axe "Waytuacoa" {drain, +Blink} (You found it on level 6 of the Dungeon)
  5320 | D:6      | Reached XP level 9. HP: 47/55 MP: 9/9
  5432 | D:6      | Found a basalt altar of Yredelemnul.
  5699 | D:6      | Reached skill level 5 in Armour
  5846 | D:6      | Reached skill level 6 in Fighting
  5909 | D:7      | Found a staircase to the Ecumenical Temple.
  6126 | D:7      | Noticed yogakurto's ghost (novice OgFi)
  6135 | D:7      | Killed yogakurto's ghost
  6135 | D:7      | Reached skill level 7 in Fighting
  6355 | D:7      | Reached ***** piety under Trog
  6420 | D:7      | Found Quosenlu's Gadget Shoppe.
  6665 | D:7      | Found a white marble altar of Elyvilon.
  6820 | D:8      | Found a snail-covered altar of Cheibriados.
  6823 | D:8      | Found an ancient bone altar of Kikubaaqudgha.
  6824 | D:8      | Noticed a two-headed ogre
  6832 | D:8      | Killed a two-headed ogre
  6832 | D:8      | Reached skill level 8 in Fighting
  6832 | D:8      | Reached XP level 10. HP: 25/64 MP: 10/10
  7274 | D:8      | Noticed Maurice
  7308 | D:8      | Killed Maurice
  7719 | D:8      | Reached skill level 9 in Fighting
  7843 | D:8      | Received a gift from Trog
  7938 | D:8      | Noticed a two-headed ogre
  7946 | D:8      | Killed a two-headed ogre
  8558 | D:9      | Noticed a two-headed ogre
  8562 | D:9      | Killed a two-headed ogre
  8562 | D:9      | Reached skill level 10 in Fighting
  8562 | D:9      | Reached XP level 11. HP: 62/73 MP: 11/11
  8708 | D:9      | Received a gift from Trog
  8902 | D:9      | Noticed kelenor's ghost (novice DsVM)
  8912 | D:9      | Reached skill level 10 in Armour
  8930 | D:9      | Killed kelenor's ghost
  9213 | D:10     | Entered Level 10 of the Dungeon
  9259 | D:10     | Reached skill level 11 in Fighting
  9313 | D:10     | Noticed Harold
  9328 | D:10     | Killed Harold
  9518 | D:10     | Found a staircase to the Lair.
  9533 | D:10     | Found Deutio Ifex's Antique Armour Emporium.
  9674 | D:10     | Noticed Nergalle
  9687 | D:10     | Killed Nergalle
 10365 | D:11     | Reached skill level 12 in Fighting
 10436 | D:11     | Received a gift from Trog
 10510 | D:11     | Noticed a white ugly thing
 10533 | D:11     | Killed a white ugly thing
 10533 | D:11     | Reached XP level 12. HP: 40/81 MP: 12/12
 10627 | D:11     | Noticed a two-headed ogre
 10633 | D:11     | Killed a two-headed ogre
 10856 | D:11     | Found a frozen archway.
 10872 | IceCv    | Entered an ice cave
 11100 | IceCv    | Reached skill level 13 in Fighting
 11100 | IceCv    | Reached skill level 5 in Dodging
 11162 | IceCv    | HP: 3/84 [freezing wraith (22)]
 11165 | IceCv    | Mangled by a freezing wraith

Skill      XL: |  1  2  3  4  5  6  7  8  9 10 11 12 |
---------------+-------------------------------------+-----
Fighting       | 4 5 8 10 12 13 | 13.0
Dodging        | 2 3 4 5 |  5.0
Maces & Flails | 4 5 6 8 9 |  9.7
Stealth        | 1 2 3 |  3.0
Armour         | 4 7 9 12 | 12.6

Action                   |  1- 3 |  4- 6 |  7- 9 | 10-12 || total
-------------------------+-------+-------+-------+-------++-------
Melee: Mace              |   126 |   193 |   342 |       ||   661
       Broad axe         |       |       |   132 |   483 ||   615
Invok: Berserk           |       |     2 |     3 |     5 ||    10
       Trog's Hand       |       |       |     1 |     1 ||     2
  Use: Scroll            |       |       |       |    11 ||    11
 Stab: Sleeping          |       |     4 |       |       ||     4
  Eat: Chunk             |     2 |     7 |    15 |    19 ||    43
       Fruit             |       |       |     1 |       ||     1
Armor: Animal skin       |    39 |    69 |       |       ||   108
       Chain mail        |       |       |   265 |       ||   265
       Plate armour      |       |       |    13 |   431 ||   444
Dodge: Dodged            |   100 |   116 |   202 |   269 ||   687
